 Dungeon Crawl Stone Soup version 0.24.0-13-gcf9b3192b9 (webtiles) character file.

Game seed: 16799215691651952470, levelgen mode: deterministic

23 Esekla the Ducker (level 2, 0/16 HPs)
             Began as a Deep Elf Warper on Nov 6, 2019.
             Slain by a jackal (1 damage)
             ... on level 1 of the Dungeon.
             The game lasted 00:04:45 (831 turns).

Esekla the Ducker (Deep Elf Warper)                  Turns: 831, Time: 00:04:45

Health: 0/16       AC:  3    Str:  8    XL:     2   Next: 72%
Magic:  8/8        EV: 13    Int: 17    God:
Gold:   34         SH:  0    Dex: 14    Spells: 3/7 levels left

rFire    . . .     SeeInvis .   a - +0 falchion
rCold    . . .     Gourm    .   (no shield)
rNeg     . . .     Faith    .   b - +0 leather armour
rPois    .         Spirit   .   (no helmet)
rElec    .         Reflect  .   (no cloak)
rCorr    .         Harm     .   (no gloves)
MR       .....                  (no boots)
Stlth    +.........             (no amulet)
HPRegen  0.05/turn              (no ring)
MPRegen  0.11/turn              (no ring)

@: no status effects
A: no striking features
a: no special abilities


You were on level 1 of the Dungeon.
You were not hungry.

You visited 1 branch of the dungeon, and saw 2 of its levels.

You collected 34 gold pieces.

Inventory:

Hand Weapons
 a - a +0 falchion (weapon)
 i - a +0 spear
Missiles
 e - 5 boomerangs of dispersal (quivered)
Armour
 b - a +0 leather armour (worn)
Scrolls
 c - a scroll of noise {unknown}
 d - a scroll of blinking
 g - 2 scrolls of fog {unknown}
Potions
 h - a potion of heal wounds {unknown}
Comestibles
 f - 2 rations


   Skills:
 - Level 1.5 Fighting
 + Level 2.2 Long Blades
 - Level 1.0 Throwing
 + Level 0.8 Armour
 * Level 3.4 Dodging
 - Level 3.0 Spellcasting
 * Level 0.8 Charms
 - Level 3.2 Translocations


You had 3 spell levels left.
You knew the following spells:

 Your Spells              Type           Power        Failure   Level  Hunger
a - Shroud of Golubria    Chrm/Tloc      #.....       16%         2    ##.....
b - Blink                 Tloc           N/A          10%         2    ##.....

Your spell library contained the following spells:

 Spells                   Type           Power        Failure   Level  Hunger
 Gell's Gravitas          Tloc           ##........   19%         3    ###....
 Lesser Beckoning         Tloc           ##........   19%         3    ###....
 Teleport Other           Tloc           ##......     19%         3    ###....
 Passage of Golubria      Tloc           N/A          54%         4    ####...


Dungeon Overview and Level Annotations

Branches:
Dungeon (2/15)

Altars:


Message History

There is an escape hatch in the ceiling here.
The jackal bites you. A mysterious force pulls you upwards.
The hatch slams shut behind you.
You hit the jackal but do no damage. The jackal closely misses you.
The jackal bites you.
* * * LOW HITPOINT WARNING * * *
You barely miss the jackal. The jackal barely misses you.
The jackal completely misses you.
You riposte.
You barely miss the jackal. You closely miss the jackal.
The jackal bites you but does no damage.
You hit the jackal.
The jackal is severely wounded.
The jackal bites you.
* * * LOW HITPOINT WARNING * * *
The jackal bites you.
* * * LOW HITPOINT WARNING * * *
You miss the jackal.
The jackal is severely wounded.
The jackal closely misses you. The jackal bites you.
You die...

#.##.# #.##.##g#.....
#.##.########..#..........
#..#.............÷#.......
##.###########.##.#....... #...#
#..g.#....... #########.#
#..###....... ...l..(.#.#
#..÷##.####.. #########+#'#######
#......# #.. #...............@.#
###..#.# #..
#................h######+#+####..
#.................##(........##..
#.................##.........##..
#.................##......>..##..
..[...............##.........##.#
...#####.)........#..........##)#
...# ###...######..........##.#
...# #...# #.............#


You could see a jackal.

Vanquished Creatures
  A dart slug (D:1)
  3 bats (D:1)
  2 goblins (D:1)
  3 hobgoblins (D:1)
  3 jackals (D:2)
  4 kobolds
  3 rats (D:1)
19 creatures vanquished.

Notes
Turn   | Place    | Note
-------+----------+-------------------------------------------
     0 | D:1      | Esekla the Deep Elf Warper began the quest for the Orb.
     0 | D:1      | Reached XP level 1. HP: 12/12 MP: 6/6
   586 | D:1      | Reached XP level 2. HP: 16/16 MP: 8/8
   596 | D:1      | Learned a level 2 spell: Shroud of Golubria
   599 | D:1      | Learned a level 2 spell: Blink
   831 | D:1      | Slain by a jackal

Levels and vault maps discovered:
D:1:      wheals_arrival_shading, layout_basic, minmay_circled_x
D:2:      layout_basic, nicolae_overflow_hidden_temple

Skill      XL: |  1  2 |
---------------+-------+-----
Long Blades    | 2 |  2.2
Dodging        | 3 |  3.4
Fighting       | |  1.5
Throwing       | |  1.0
Armour         | |  0.8
Spellcasting   | |  3.0
Charms         | |  0.8
Translocations | |  3.2

Action                   || total
-------------------------++-------
Melee: Falchion          ||    88
 Cast: Shroud of Golubri ||     3
Armor: Leather armour    ||    28
Dodge: Dodged            ||    57
       Rpst.: Falchion   ||    16
